 Dungeon Crawl Stone Soup version 0.28-a0-724-g66f9036eb4 (webtiles) character file.

Game seed: 10444830849451651605

0 meatgazer the Skirmisher (level 1, -3/18 HPs)
             Began as a Demonspawn Abyssal Knight on Oct 26, 2021.
             Was a Follower of Lugonu.
             Slain by an orange demon (13 damage)
             ... on level 2 of the Abyss.
             The game lasted 00:00:16 (67 turns).

meatgazer the Skirmisher (Demonspawn Abyssal Knight)  Turns: 67, Time: 00:00:17

Health: -3/18      AC:  3    Str: 13    XL:     1   Next: 0%
Magic:  2/2        EV: 11    Int: 11    God:    Lugonu [*.....]
Gold:   74         SH:  0    Dex: 13    Spells: 0/0 levels left

rFire   . . .      SeeInvis .   a - +1 falchion
rCold   . . .      Faith    .   (no shield)
rNeg    . . .      Spirit   .   b - +0 leather armour
rPois   .          Reflect  .   (no helmet)
rElec   .          Harm     .   (no cloak)
rCorr   .          Rampage  .   (no gloves)
Will    .....                   (no boots)
Stlth   +.........              (no amulet)
HPRegen 0.06/turn               (no ring)
MPRegen 0.08/turn               (no ring)

@: no status effects
A: no striking features
a: Renounce Religion, Depart the Abyss


You were on level 2 of the Abyss.
You worshipped Lugonu.
Lugonu was aware of your devotion.
You visited 0 branches of the dungeon, and saw 0 of its levels.
You visited the Abyss 1 time.

You collected 74 gold pieces.

Inventory:

Hand Weapons
 a - a +1 falchion (weapon)
Armour
 b - a +0 leather armour (worn)
Potions
 c - a potion of heal wounds {unknown}


   Skills:
 + Level 3.0 Fighting
 + Level 1.7 Long Blades
 + Level 1.7 Armour
 + Level 0.8 Dodging
 + Level 2.4 Invocations


You couldn't memorise any spells.
You didn't know any spells.
Your spell library was empty.

Dungeon Overview and Level Annotations

Branches:
Dungeon (0/15)

Altars:


Message History

Welcome, meatgazer the Demonspawn Abyssal Knight.
They say the Orb of Zot lies within this dungeon, but they say a lot of things.
Lugonu says: Depart the Abyss and spread corruption, my servant! (use the ability menu to exit the Abyss) Press ? for a list of commands and other information.
Found a corrupted altar of Lugonu.
Found a gateway leading deeper into the Abyss.
There is a gateway leading deeper into the Abyss here.
You plunge deeper into the Abyss.
You now have 23 gold pieces.
Found a robe.
You now have 28 gold pieces (gained 5).
You now have 42 gold pieces (gained 14).
c - a dark potion
d - a scroll labelled VUPTOBLEAN A tentacled starspawn comes into view.
A tentacled starspawn is nearby!
A tentacled starspawn is nearby!
Found a club.
You see here 20 gold pieces.
You now have 62 gold pieces (gained 20).
A tentacle flies out from the starspawn's body!
A starspawn tentacle comes into view.
The smoke demon roars!
As you read the scroll labelled VUPTOBLEAN, it crumbles to dust.
You feel momentarily disoriented.
It was a scroll of magic mapping.
Found 12 gold pieces.
The smoke demon hits you.
The smoke demon hits you but does no damage.
The smoke demon closely misses you.
A tentacled starspawn comes into view.
The orange demon screeches!
You hear a bark!
Tentacles burst from the starspawn's body! 2 starspawn tentacles come into view.
You see here 12 gold pieces.
You now have 74 gold pieces (gained 12).
The smoke demon hits you.
The smoke demon hits you but does no damage.
The smoke demon closely misses you. The orange demon stings you from afar!
Ouch! That really hurt!
You die...

# ..###.#..)#....#..
.#. .##.###.#.. ...
...#####..##.##...#...
#.....#.wX.......# X..
#..#../...##..## #.# .
#.../..##.##. .#.
...#.#w.X.##.#.. # .
#....3#...#.. #
##...@.##.#.. #..#..§#
.# . #§..##.4 # #....
§#. ##.#. #... #.#..
.... #. . ..#.. . ..


You could see 2 tentacled starspawn, an orange demon, a smoke demon and 2
starspawn tentacles.

Vanquished Creatures (others)
  2 starspawn tentacles (Abyss:2)
2 creatures vanquished.

Notes
Turn   | Place    | Note
-------+----------+-------------------------------------------
     0 | Abyss:1  | meatgazer the Demonspawn Abyssal Knight began the quest for
                  | the Orb.
     0 | Abyss:1  | Reached XP level 1. HP: 18/18 MP: 2/2
    48 | Abyss:2  | Noticed a tentacled starspawn
    56 | Abyss:2  | Noticed a smoke demon
    64 | Abyss:2  | Noticed a tentacled starspawn
    66 | Abyss:2  | Noticed an orange demon
    67 | Abyss:2  | Slain by an orange demon

Illustrated notes

Levels and vault maps discovered:
Abyss:2:  base: Temple, hangedman_abyss_sting, evilmike_abyss_exit_17

Action                   || total
-------------------------++-------
  Use: Scroll            ||     1
Armor: Leather armour    ||     2
Dodge: Dodged            ||     2

Table legend: (Time is in decaauts)
 A = Elapsed time spent in this place.
 B = Non-inter-level travel time spent in this place.
 C = Inter-level travel time spent in this place.
 D = Time resting spent in this place.
 E = Time spent auto-exploring this place.
 F = Levels seen in this place.
 G = Mean time per level.
                   A        B        C        D        E       F      G
               +--------+--------+--------+--------+--------+-----+--------+
         Total |     66 |     66 |      0 |      0 |     40 |   2 |   33.0 |
         Abyss |     66 |     66 |      0 |      0 |     40 |   2 |   33.0 |
               +--------+--------+--------+--------+--------+-----+--------+

Top non-repeatable levels by time:
 Abyss:2: 61 daAuts
 Abyss:1: 5 daAuts
